 Dungeon Crawl Stone Soup version 0.21.0-37-g46506fa (webtiles) character file.

559 Monsterracer the Conjurer (level 7, -3/41 HPs)
             Began as an Octopode Wizard on Feb 1, 2018.
             Was an Initiate of Vehumet.
             Splashed by a jelly's acid (10 damage)
             ... on level 5 of the Dungeon.
             The game lasted 00:10:13 (4776 turns).

Monsterracer the Conjurer (Octopode Wizard)         Turns: 4776, Time: 00:10:14

Health: -3/41      AC:  1    Str:  6    XL:     7   Next: 31%
Magic:  10/12      EV: 13    Int: 23    God:    Vehumet [......]
Gold:   210        SH:  0    Dex: 10    Spells: 1/12 levels left

rFire    . . .     SeeInvis +   a - +2 dagger (venom)
rCold    . . .     Gourm    .   (no shield)
rNeg     . . .     Faith    .   g - +0 hat
rPois    +         Spirit   .   (no amulet)
rElec    .         Reflect  .   e - ring of poison resistance {!d}
rCorr    .         Harm     .   i - ring of see invisible
MR       .....                  (no ring)
Stlth    +++.......             (no ring)
HPRegen  0.13/turn              (no ring)
MPRegen  0.13/turn              (no ring)
                                (no ring)
                                (no ring)

@: no status effects
A: almost no armour, stealthy swim, amphibious, 8 rings, constrict 8, camouflage
1, gelatinous body 1
a: Renounce Religion


You were on level 5 of the Dungeon.
You worshipped Vehumet.
Vehumet was noncommittal.
You were hungry.

You visited 2 branches of the dungeon, and saw 6 of its levels.

You collected 210 gold pieces.

Inventory:

Hand Weapons
 a - a +2 dagger of venom (weapon)
 f - a cursed -1 dagger
 w - a +0 trident
Armour
 g - a +0 hat (worn)
Magical Staves
 b - an uncursed staff of cold
Jewellery
 e - a ring of poison resistance (left tentacle) {!d}
 i - a ring of see invisible (right tentacle)
Scrolls
 h - 2 scrolls of teleportation
Potions
 j - a potion of curing
 k - 3 potions of agility
 o - a potion of berserk rage {!q}
 s - a potion of brilliance
Comestibles
 c - 9 rations


   Skills:
 + Level 2.8 Dodging
 + Level 4.0 Stealth
 + Level 3.4 Spellcasting
 * Level 6.6 Conjurations
 - Level 1.0 Summonings
 - Level 1.0 Translocations


You had one spell level left.
You knew the following spells:

 Your Spells              Type           Power        Failure   Level  Hunger
a - Magic Dart            Conj           ####         1%          1    None
b - Conjure Flame         Conj/Fire      ###.....     9%          3    ###....
c - Mephitic Cloud        Conj/Pois/Air  ##......     13%         3    ###....
d - Call Imp              Summ           #.......     11%         2    #......
e - Blink                 Tloc           N/A          11%         2    #......


Dungeon Overview and Level Annotations

Branches:
Dungeon (5/15)             Temple (1/1) D:4

Altars:
Cheibriados
Elyvilon
Fedhas
Gozag
Hepliaklqana
Kikubaaqudgha
Trog
Vehumet
Wu Jian
Yredelemnul


Innate Abilities, Weirdness & Mutations

You cannot wear most types of armour.
You are very stealthy in the water. (Stealth+)
You are amphibious.
You can wear up to eight rings at the same time.
You can use your tentacles to constrict eight enemies at once.
Your skin changes colour to match your surroundings (Stealth+).
Your rubbery body absorbs attacks. (AC +1, EV +1)


Message History

f - a glowing dagger Magic restored.
Some of the chunks of flesh in your inventory have rotted away.
Key pressed, stopping explore.
Key pressed, stopping explore.
HP restored.
There is an open door here.
Items here: ( )) [[ †
l - a scroll of identify You now have 210 gold pieces (gained 19).
Things that are here:
a dagger; a robe; an orc corpse Health restored: 41; MP restored: 12
As you read the scroll of identify, it crumbles to dust.
s - a potion of brilliance Your +2 dagger of venom stops dripping with poison.
b - an uncursed staff of cold (weapon)
Your +2 dagger of venom begins to drip with poison!
a - a +2 dagger of venom (weapon)
Items here: ( )) [[ ÷
There is an open door here.
You see here a stone.
You see here a stone.
There is an open door here.
Items here: ( )) [[ ÷
Things that are here:
a dagger; a robe; an orc skeleton All of the chunks of flesh in your inventory have rotted away.
Done exploring.
Done exploring.
Done exploring.
You are feeling hungry.
You can't go down here!
There is a stone staircase leading down here.
You climb downwards.
A scorpion, a centaur and 3 dart slugs come into view.
Found a scroll of identify.
There is a stone staircase leading up here.
There are monsters nearby!
The helpless dart slug fails to defend itself.
You puncture the dart slug!
You kill the dart slug!
Vehumet accepts your kill.
There is a stone staircase leading up here.
A jelly comes into view.
Found a hunting sling.
The centaur hits you. x2
You take 6 damage, and have 35/41 hp.
You hit the centaur. Your squeeze misses the centaur.
The centaur is lightly wounded.
The centaur hits you.
You take 6 damage, and have 29/41 hp.
Casting: Magic Dart
Confirm with . or Enter, or press ? or * to list all spells.
Aiming: Mephitic Cloud
Press: ? - help, Shift-Dir - straight line, f - centaur
Aim: a centaur (lightly wounded)
The ball explodes into a vile cloud!
The stinking cloud engulfs the centaur.
The centaur is lightly wounded.
The stinking cloud engulfs you!
The jelly quivers.
You hear a shout!
You hear an angry hiss.
The centaur is engulfed in noxious fumes.
The centaur appears confused.
The centaur is engulfed in noxious fumes.
The centaur appears confused.
The teleport trap disappears.
The dart slug disappears!
You now have 9/12 mp.
The centaur is engulfed in noxious fumes.
The centaur appears confused.
An orc comes into view. It is wielding a hand axe.
You catch the helpless centaur completely off-guard!
You puncture the centaur!
The centaur is poisoned.
The centaur is heavily wounded.
The centaur barely misses itself.
The jelly barely misses you.
You hit the centaur.
The centaur is severely wounded.
The jelly hits you.
You are splashed with acid!
The acid burns!
An adder zombie comes into view.
You take 9 damage, and have 21/41 hp.
MASSIVE DAMAGE!!
The centaur is engulfed in noxious fumes.
The centaur appears confused.
The centaur says, "I'm a little confused."
The scorpion stings you!
* * * LOW HITPOINT WARNING * * *
You take 7 damage, and have 14/41 hp.
The centaur grins madly.
The scorpion completely misses you.
A dart slug comes into view.
You kill the centaur!
Vehumet accepts your kill.
Your Stealth skill increases to level 4!
The scorpion stings you.
* * * LOW HITPOINT WARNING * * *
You take 6 damage, and have 8/41 hp.
There is a stone staircase leading up here.
The jelly hits you.
* * * LOW HITPOINT WARNING * * *
You are splashed with acid!
The acid burns!
You die...

..≈≈≈≈≈ #.≈≈≈≈≈≈≈≈.≈
≈# ###.≈≈≈≈≈≈≈.≈≈≈≈
..#.≈≈≈≈≈.)≈?≈#
....≈≈≈≈≈.♣.≈≈≈
##..≈≈≈≈#≈≈w≈≈ #
#....†##≈≈≈≈≈.
....####.#.ws.≈≈.≈≈..
........o...J@.......
......).Z............
##...............####
...#..##..#.....## ##
##. #.#.......#
#.#..#.......#
#..............
....###.....### ...
##...##


You could see a scorpion, a jelly, 2 dart slugs, an orc and an adder zombie.

Vanquished Creatures
  Sigmund (D:2)
  A centaur (D:5)
  A hound (D:2)
  Natasha (D:3)
  2 orc wizards (D:4)
  2 iguanas (D:4)
  5 adders
  An ooze (D:3)
  An adder zombie (D:3)
  3 worms (D:2)
  5 dart slugs
  A leopard gecko (D:4)
  7 orcs
  2 ball pythons
  3 giant cockroaches
  5 goblins
  8 hobgoblins
  5 jackals
  8 kobolds
  4 quokkas
  7 bats
  5 frilled lizards
  9 rats
87 creatures vanquished.

Notes
Turn   | Place    | Note
-------+----------+-------------------------------------------
     0 | D:1      | Monsterracer the Octopode Wizard began the quest for the Orb.
     0 | D:1      | Reached XP level 1. HP: 11/11 MP: 4/4
   221 | D:1      | Reached skill level 2 in Conjurations
   221 | D:1      | Reached XP level 2. HP: 17/17 MP: 0/6
   225 | D:1      | Learned a level 2 spell: Blink
   823 | D:2      | Reached skill level 3 in Conjurations
   823 | D:2      | Reached XP level 3. HP: 19/21 MP: 1/7
   828 | D:2      | Learned a level 3 spell: Conjure Flame
   947 | D:2      | HP: 10/21 [hound (6)]
   949 | D:2      | HP: 3/21 [hound (6)]
   950 | D:2      | Reached XP level 4. HP: 4/27 MP: 0/8
   955 | D:2      | Learned a level 3 spell: Mephitic Cloud
  1256 | D:2      | Noticed Sigmund
  1317 | D:2      | Killed Sigmund
  1317 | D:2      | Reached skill level 5 in Conjurations
  1317 | D:2      | Reached XP level 5. HP: 31/31 MP: 1/9
  1417 | D:2      | Reached XP level 6. HP: 36/36 MP: 10/10
  1431 | D:2      | Learned a level 2 spell: Call Imp
  1903 | D:2      | Noticed a moth of wrath
  1907 | D:2      | Found a bloodstained altar of Trog.
  2033 | D:2      | Reached skill level 6 in Conjurations
  3206 | D:3      | Noticed Natasha
  3213 | D:3      | HP: 17/36 [Natasha/magic dart (10)]
  3214 | D:3      | Killed Natasha
  3482 | D:4      | HP: 5/36 [iguana (15)]
  3593 | D:4      | Found a snail-covered altar of Cheibriados.
  3607 | D:4      | HP: 16/36 [leopard gecko (4)]
  3743 | D:4      | Found a staircase to the Ecumenical Temple.
  3783 | Temple   | Entered the Ecumenical Temple
  3955 | Temple   | Became a worshipper of Vehumet
  4307 | D:4      | Reached XP level 7. HP: 34/41 MP: 2/11
  4469 | D:4      | HP: 15/41 [orc/trident (7)]
  4756 | D:5      | Entered Level 5 of the Dungeon
  4772 | D:5      | HP: 14/41 [scorpion (7)]
  4776 | D:5      | Splashed by a jelly's acid

Skill      XL: |  1  2  3  4  5  6  7 |
---------------+----------------------+-----
Conjurations   | 2 3 5 6 |  6.6
Stealth        | 3 4 |  4.0
Dodging        | |  2.8
Spellcasting   | |  3.4
Summonings     | |  1.0
Translocations | |  1.0

Action                   |  1- 3 |  4- 6 |  7- 9 || total
-------------------------+-------+-------+-------++-------
Melee: Unarmed           |    10 |     7 |       ||    17
       Constrict         |     1 |    16 |     3 ||    20
       Dagger            |       |    35 |    11 ||    46
       Tentacles         |       |    10 |     1 ||    11
       Long sword        |       |    11 |       ||    11
 Cast: Magic Dart        |    48 |   119 |     5 ||   172
       Mephitic Cloud    |       |     4 |     2 ||     6
       Conjure Flame     |       |     6 |       ||     6
       Blink             |       |     2 |       ||     2
  Use: Scroll            |       |    10 |     1 ||    11
 Stab: Confused          |       |     2 |     1 ||     3
       Sleeping          |       |     7 |     1 ||     8
  Eat: Chunk             |       |    10 |     2 ||    12
Armor: Skin              |       |     3 |       ||     3
Dodge: Dodged            |    15 |    41 |     8 ||    64
       Rpst.: Long sword |       |     6 |       ||     6

Vault maps used:
D:1:      saegor_arrival_simple_e, minmay_misc_feat_square
D:2:      tgw_trog, uniq_sigmund
D:3:      hangedman_abyss_or_decor_stabs, st_stairs_6, uniq_natasha
D:4:      minmay_temple_entry_nine_rooms, first_ration, kennysheep_small_spiral,
          kennysheep_slug_shrine
D:5:      kennysheep_slugbush, grunt_qazlal_clouds, minitemple, nicolae_sextant,
          uniq_menkaure
Temple:   nicolae_temple_figure_zero
